 Dungeon Crawl Stone Soup version 0.29.0-11-gd7f09526c8 (webtiles) character file.

Game seed: 11413220598474168052

906 Zeldest the Chopper (level 7, -3/56 HPs)
             Began as a Mummy Cinder Acolyte on Sept 4, 2022.
             Was a High Priest of Ignis.
             Slain by an ogre
             ... wielding a +0 giant spiked club
              (19 damage)
             ... on level 6 of the Dungeon.
             The game lasted 00:04:17 (5585 turns).

Zeldest the Chopper (Mummy Cinder Acolyte)          Turns: 5585, Time: 00:04:17

Health: -3/56      AC: 21    Str: 19    XL:     7   Next: 81%
Magic:  9/9        EV:  5    Int: 14    God:    Ignis [*****.]
Gold:   262        SH:  0    Dex:  7    Spells: 8/8 levels left

rFire   . . .      SeeInvis .   f - +3 mace
rCold   + . .      Faith    .   b - orb {light}
rNeg    + + +      Spirit   .   j - +0 plate armour
rPois   ∞          Reflect  .   (no helmet)
rElec   .          Harm     .   r - +1 cloak
rCorr   .          Rampage  .   d - +0 pair of gloves
Will    .....                   t - +0 pair of boots
Stlth   ..........              (no amulet)
HPRegen 0.18/turn               (no ring)
MPRegen 0.11/turn               (no ring)

@: fiery-armoured, glowing
A: cold resistance 1, negative energy resistance 3, torment resistance 2, heat
vulnerability 1, in touch with death 1, no potions
a: Renounce Religion, Fiery Armour, Foxfire Swarm, Rising Flame


You were on level 6 of the Dungeon.
You worshipped Ignis.
Ignis was extremely pleased with you.
You visited 1 branch of the dungeon, and saw 6 of its levels.

You collected 262 gold pieces.

Inventory:

Hand Weapons
 a - a -1 hand axe of flaming
 f - a +3 mace (weapon)
 s - a +1 longbow of flaming
Missiles
 v - a throwing net (quivered)
Armour
 b - an orb of light (worn)
 d - a +0 pair of gloves (worn)
 j - a +0 plate armour (worn)
 r - a +1 cloak (worn)
 t - a +0 pair of boots (worn)
Jewellery
 g - a ring of fire
Wands
 u - a wand of charming (11)
 w - a wand of polymorph (8)
Scrolls
 c - 4 scrolls of blinking {unknown}
 e - 2 scrolls of magic mapping {unknown}
 h - 2 scrolls of poison {unknown}
 i - 6 scrolls of identify {unknown}
 k - 2 scrolls of noise {unknown}
 l - a scroll of acquirement {unknown}
 m - a scroll of fog {unknown}
 n - 2 scrolls of enchant armour {unknown}
 o - 2 scrolls of amnesia {unknown}
 p - a scroll of enchant weapon {unknown}
 q - a scroll of vulnerability {unknown}


   Skills:
 - Level 5.2 Fighting
 + Level 6.4 Axes
 + Level 2.4 Ranged Weapons
 - Level 1.3 Spellcasting
 - Level 2.4 Fire Magic


You had 8 spell levels left.
You didn't know any spells.
Your spell library contained the following spells:

 Spells                   Type           Power      Damage    Failure   Level
 Scorch                   Fire           14%        2d5       99%         2


Dungeon Overview and Level Annotations

Branches:
Dungeon (6/15)
 Temple: D:4-7

Altars:
Ashenzari
Dithmenos
Fedhas
Kikubaaqudgha
Qazlal
Ru
Uskayaw
Vehumet

Annotations:
D:4 4 runed translucent doors


Innate Abilities, Weirdness & Mutations

You are immune to poison.
Your flesh is cold resistant. (rC+)
You are immune to negative energy. (rN+++)
You are immune to unholy pain and torment.
You are vulnerable to heat. (rF-)
You are in touch with the powers of death.
You do not drink.


Message History

No target in view!
Done exploring.
Done exploring.
No target in view!
No target in view!
Done exploring.
No target in view!
(D) Dungeon
Where to? (Enter - D:5 @ (x,y), ? - help)
What level of the Dungeon? (default 1, ? - help)
Items here: )) [ ÷÷.
Things that are here:
a +0 flail; a +0 flail; a gnoll skeleton
There is a stone staircase leading down here.
You climb downwards.
There is a stone staircase leading up here.
You now have 262 gold pieces (gained 13).
An ogre comes into view. It is wielding a +0 giant spiked club.
The ogre shouts!
You hear a shout!
An ogre is nearby!
The ogre hits you with a +0 giant spiked club!
You sock the ogre!
The ogre is moderately wounded.
The ogre hits you with a +0 giant spiked club!
You are too injured to fight recklessly!
You are too injured to fight recklessly!
You hit the ogre.
The ogre is moderately wounded.
Okay, then.
Okay, then.
You hit the ogre.
The ogre is heavily wounded.
The ogre closely misses you.
You hit the ogre but do no damage.
The ogre is heavily wounded.
The ogre hits you with a +0 giant spiked club!
* * * LOW HITPOINT WARNING * * *
A protective cloak of flame settles atop you.
The ogre hits you with a +0 giant spiked club!!
You die...

........<.###
#..........###
###....###.....
#..#..##......
#. ##....# #..
#. ##....# . ##
##.....#
#..##......#
#..O@...##
#..........#
##.........#
#.........##
#........?.#
..........##
........###
.....####


You could see an ogre.

Vanquished Creatures
  A yak (D:4)
  A water moccasin (D:5)
  A black bear (D:5)
  2 scorpions (D:4)
  A necrophage (D:4)
  2 hounds (D:4)
  An orc priest (D:5)
  2 jellies
  An iguana (D:4)
  2 orc wizards
  4 gnolls (D:5)
  4 adders
  4 dart slugs
  9 orcs
  3 bats
  6 endoplasms
  2 giant cockroaches (D:1)
  9 goblins
  4 hobgoblins
  4 kobolds
  3 quokkas
  6 ball pythons
  2 frilled lizards
  5 rats
79 creatures vanquished.

Vanquished Creatures (others)
  A plant (D:3)
1 creature vanquished.

Grand Total: 80 creatures vanquished

Notes
Turn   | Place    | Note
-------+----------+-------------------------------------------
     0 | D:1      | Zeldest the Mummy Cinder Acolyte began the quest for the
                  | Orb.
     0 | D:1      | Reached XP level 1. HP: 18/18 MP: 2/2
   230 | D:1      | Reached XP level 2. HP: 19/24 MP: 4/4
   746 | D:1      | Reached skill level 3 in Axes
   889 | D:2      | Gained mutation: You are in touch with the powers of death.
                  | [Mummy growth]
   889 | D:2      | Reached XP level 3. HP: 10/29 MP: 5/5
  1385 | D:2      | Reached XP level 4. HP: 32/37 MP: 6/6
  1586 | D:2      | Found a faded altar of an unknown god.
  2270 | D:3      | Reached skill level 4 in Axes
  2410 | D:3      | Found a sacrificial altar of Ru.
  2417 | D:3      | Found a blossoming altar of Fedhas.
  2461 | D:3      | You fall into a shaft and drop 3 floors!
  2466 | D:5      | Entered Level 5 of the Dungeon
  2531 | D:4      | Noticed a necrophage
  2539 | D:4      | Killed a necrophage
  2540 | D:4      | Reached XP level 5. HP: 34/42 MP: 7/7
  2739 | D:3      | Found a stormy altar of Qazlal.
  3159 | D:4      | Found a large runed translucent door.
  3159 | D:4      | Found a large runed translucent door.
  3167 | D:4      | Noticed a centaur
  3270 | D:4      | Reached skill level 5 in Axes
  3270 | D:4      | Reached XP level 6. HP: 49/49 MP: 8/8
  3381 | D:4      | Found a large runed translucent door.
  3382 | D:4      | Found a large runed translucent door.
  3457 | D:4      | Found a broken altar of Ashenzari.
  4014 | D:4      | Noticed a yak
  4036 | D:4      | Killed a yak
  4037 | D:4      | Reached skill level 5 in Fighting
  4037 | D:4      | Reached XP level 7. HP: 11/56 MP: 9/9
  4469 | D:3      | Found a radiant altar of Vehumet.
  4469 | D:3      | Found an ancient bone altar of Kikubaaqudgha.
  4922 | D:5      | Reached skill level 6 in Axes
  4922 | D:5      | Reached skill level 1 in Ranged Weapons
  5272 | D:5      | Found a shadowy altar of Dithmenos.
  5365 | D:5      | Found a hide-covered altar of Uskayaw.
  5585 | D:6      | Slain by an ogre

Illustrated notes

Levels and vault maps discovered:
D:1:      nicolae_arrival_somewhat_less_tricky_arrival, layout_loops_cross
D:2:      layout_rooms, hellmonk_ecumenical_altar_prayer_group
D:3:      layout_basic, fedhas_altar_1, mainiacjoe_overflow_chevrons,
          nicolae_overflow_hidden_temple
D:4:      layout_layer_cave, ashenzari_conservatory_becter,
          minmay_hollow_rounded_squares
D:5:      layout_loops_ring, nicolae_dithmenos_the_darkroom, marbit_many_paths,
          grunt_ministairs_8
D:6:      minmay_general_purpose_star, layout_layer_cave, minmay_puff,
          uniq_duvessa, uniq_pikel, uniq_blork_the_orc

Skill      XL: |  1  2  3  4  5  6  7 |
---------------+----------------------+-----
Axes           | 3 4 5 6 |  6.4
Fighting       | 4 5 |  5.2
Ranged Weapons | 2 |  2.4
Spellcasting   | |  1.3
Fire Magic     | |  2.4

Action                   |  1- 3 |  4- 6 |  7- 9 || total
-------------------------+-------+-------+-------++-------
Melee: Hand axe          |    58 |    82 |       ||   140
       Mace              |       |    64 |    63 ||   127
Invok: Fiery Armour      |       |       |     1 ||     1
Armor: Ring mail         |    13 |       |       ||    13
       Plate armour      |    12 |    86 |    53 ||   151
Dodge: Dodged            |    24 |    32 |    15 ||    71
